 Dungeon Crawl Stone Soup version 0.31-a0-7-g51783674b7 (webtiles) character file.

Game seed: 17657035888149851352

135 dialectric the Covered (level 5, -6/30 HPs)
             Began as a Gargoyle Wanderer on May 6, 2023.
             Mangled by a water moccasin (7 damage)
             ... in a sewer.
             The game lasted 00:02:56 (2496 turns).

dialectric the Covered (Gargoyle Wanderer)          Turns: 2496, Time: 00:02:57

Health: -6/30      AC: 11    Str: 16    XL:     5   Next: 18%
Magic:  7/8        EV: 10    Int: 14    God:
Gold:   161        SH:  0    Dex:  9    Spells: 7/8 levels left

rFire   . . .        a - +2 quarterstaff
rCold   . . .        (shield currently unavailable)
rNeg    + . .        b - +0 ring mail
rPois   ∞            o - +0 helmet
rElec   +            (no cloak)
rCorr   .            (no gloves)
SInv    .            (no boots)
Will    .....        (no amulet)
Stlth   +            (no ring)
HPRegen 0.25/turn    (no ring)
MPRegen 0.11/turn

%: no passive effects
@: no status effects
A: sickness immunity, AC +4, negative energy resistance 1, electricity
resistance, torment resistance 1, petrification resistance
a: no special abilities


You were in a sewer.
You visited 1 branch of the dungeon, and saw 4 of its levels.
You also visited: Sewer.

You collected 161 gold pieces.

Inventory:

Hand Weapons
 a - a +2 quarterstaff (weapon)
Armour
 b - a +0 ring mail (worn)
 o - a +0 helmet (worn)
Wands
 q - a wand of polymorph (6)
Scrolls
 c - a scroll of fog
 h - 3 scrolls of identify {unknown}
 i - a scroll of immolation {unknown}
 j - a scroll of enchant armour {unknown}
 k - a scroll of fear {unknown}
 n - a scroll of noise {unknown}
Potions
 d - a potion of flight {unknown}
 e - a potion of magic {unknown}
 f - 2 potions of cancellation {unknown}
 l - a potion of resistance {unknown}
 m - a potion of curing {unknown}
 p - a potion of lignification {unknown}


   Skills:
 * Level 2.1 Fighting
 + Level 3.5 Staves
 + Level 4.0 Armour
 + Level 1.2 Dodging
 - Level 3.4 Stealth
 - Level 2.0 Spellcasting


You had 7 spell levels left.
You knew the following spells:

 Your Spells              Type           Power      Damage    Failure   Level
a - Slow                  Hex            4%         N/A       38%         1

Your spell library contained the following spells:

 Spells                   Type           Power      Damage    Failure   Level
 Confusing Touch          Hex            1%         N/A       77%         3
 Dazzling Flash           Conj/Hex       2%         N/A       77%         3
 Anguish                  Hex/Necr       0%         N/A       99%         4
 Cause Fear               Hex            0%         N/A       99%         4
 Agony                    Necr           1%         N/A       100%        5
 Silence                  Hex/Air        0%         N/A       100%        5
 Enfeeble                 Hex            0%         N/A       100%        7


Dungeon Overview and Level Annotations

Branches:
Dungeon (4/15)              Sewer (1/1)
 Temple: D:4-7

Altars:
Trog

Annotations:
D:3 1 runed translucent door, Crazy Yiuf


Innate Abilities, Weirdness & Mutations

You are immune to sickness and miasma.
Your stone body is resilient. (AC +4)
You are immune to poison.
You resist negative energy. (rN+)
You are resistant to electric shocks. (rElec)
You are resistant to unholy torment.
You are immune to petrification.


Message History

A water moccasin is nearby!
A water moccasin is nearby!
Found a scroll labelled YMEWER XESTE and 17 gold pieces.
The water moccasin bites you!
You see here 2 potions of berserk rage.
A water moccasin is nearby!
You barely miss the water moccasin. The water moccasin barely misses you.
A water moccasin is nearby!
You thump the water moccasin!
The water moccasin is moderately wounded.
The water moccasin bites you but does no damage.
The water moccasin bites you!
You sock the water moccasin!
The water moccasin is heavily wounded.
The water moccasin barely misses you.
Unknown command.
The water moccasin bites you!
* * * LOW HITPOINT WARNING * * *
Okay, then.
Casting: Slow (safe; 38% risk of failure)
Confirm with . or Enter, or press ? or * to list all spells.
Aiming: Slow (safe; 38% risk of failure)
Press: ? - help, Shift-Dir - straight line, f - water moccasin
Aim: a water moccasin (heavily wounded, chance to affect: 33%)
The water moccasin seems to slow down.
The water moccasin barely misses you.
Unknown command.
The water moccasin is no longer moving slowly.
The water moccasin bites you.
* * * LOW HITPOINT WARNING * * *
The water moccasin attacks as you move away!
The water moccasin bites you but does no damage.
The water moccasin bites you.
* * * LOW HITPOINT WARNING * * *
The water moccasin attacks as you move away!
The water moccasin misses you. The water moccasin bites you.
* * * LOW HITPOINT WARNING * * *
You see here a bat corpse.
The water moccasin attacks as you move away!
The water moccasin bites you!
You die...

### .... .....
#############.....$
#∩@S.......!......?
########.####.....$
#.# ..... #.# ....
#.# ### #.# #.#
##.## ##...##


You could see a water moccasin.

Vanquished Creatures
  An iguana (D:4)
  4 adders
  2 worms
  3 orcs (D:3)
  7 endoplasms
  8 goblins
  6 hobgoblins
  2 kobolds (D:1)
  4 quokkas
  6 ball pythons
  9 bats
  A frilled lizard (D:1)
  7 rats
60 creatures vanquished.

Notes
Turn   | Place    | Note
-------+----------+-------------------------------------------
     0 | D:1      | dialectric the Gargoyle Wanderer began the quest for the
                  | Orb.
     0 | D:1      | dialectric set off with the following items: a +2
                  | quarterstaff, a +0 ring mail, a scroll of fog; and the
                  | following spell memorised: Slow; and the following spells
                  | available to memorise: Confusing Touch.
     0 | D:1      | Reached XP level 1. HP: 10/10 MP: 3/3
   148 | D:1      | Reached XP level 2. HP: 15/16 MP: 5/5
   637 | D:2      | Reached XP level 3. HP: 20/20 MP: 6/6
   815 | D:2      | Reached skill level 1 in Fighting
   984 | D:2      | Reached skill level 4 in Armour
  1028 | D:2      | Reached XP level 4. HP: 24/25 MP: 7/7
  1430 | D:3      | Found a runed translucent door.
  1431 | D:3      | Noticed Crazy Yiuf
  1580 | D:3      | Found a bloodstained altar of Trog.
  2279 | D:3      | Reached skill level 1 in Dodging
  2394 | D:4      | Reached XP level 5. HP: 15/30 MP: 8/8
  2398 | D:4      | Found a glowing drain.
  2421 | Sewer    | Entered a sewer
  2480 | Sewer    | Noticed a water moccasin
  2493 | Sewer    | HP: 1/30 [water moccasin (3)]
  2496 | Sewer    | Mangled by a water moccasin

Illustrated notes

Levels and vault maps discovered:
D:1:      tekkud_arrival_beachfront_property, layout_basic
D:2:      layout_basic
D:3:      layout_basic, nicolae_overflow_hidden_temple,
          corexii_item_surrounded_by_moat, uniq_crazy_yiuf_cottage
D:4:      layout_cave_pods, cheibrodos_sewer_entry_drain
Sewer:    sewer_big_baddie

Skill      XL: |  1  2  3  4 |
---------------+-------------+-----
Fighting       | 1 2 |  2.1
Armour         | 4 |  4.0
Staves         | 3 |  3.5
Dodging        | 1 |  1.2
Stealth        | |  3.4
Spellcasting   | |  2.0

Action                     |  1- 3 |  4- 6 || total
---------------------------+-------+-------++-------
  Melee: Quarterstaff      |    93 |    83 ||   176
   Cast: Slow              |       |     1 ||     1
    Use: Scroll            |       |     1 ||     1
   Stab: Sleeping          |     5 |     2 ||     7
         Distracted        |       |     1 ||     1
 Armour: Ring mail         |    43 |    62 ||   105
  Dodge: Dodged            |    53 |    70 ||   123

Table legend: (Time is in decaauts)
 A = Elapsed time spent in this place.
 B = Non-inter-level travel time spent in this place.
 C = Inter-level travel time spent in this place.
 D = Time resting spent in this place.
 E = Time spent auto-exploring this place.
 F = Levels seen in this place.
 G = Mean time per level.
                   A        B        C        D        E       F      G
               +--------+--------+--------+--------+--------+-----+--------+
         Total |   2526 |   2397 |    129 |     51 |   1771 |   5 |  505.2 |
       Dungeon |   2449 |   2320 |    129 |     51 |   1748 |   4 |  612.2 |
         Sewer |     77 |     77 |      0 |      0 |     23 |   1 |   77.0 |
               +--------+--------+--------+--------+--------+-----+--------+

Top non-repeatable levels by time:
     D:3: 1222 daAuts
     D:1: 634 daAuts
     D:2: 552 daAuts
   Sewer: 77 daAuts
     D:4: 40 daAuts
